 Dungeon Crawl Stone Soup version 0.22-a0-305-gd21a89c (webtiles) character file.

671 pikmin25 the Covert (level 7, 0/36 HPs)
             Began as a Spriggan Assassin on Mar 30, 2018.
             Killed from afar by an orc wizard (5 damage)
             ... with a magic dart
             ... on level 4 of the Dungeon.
             The game lasted 00:22:31 (5703 turns).

pikmin25 the Covert (Spriggan Assassin)             Turns: 5703, Time: 00:22:32

Health: 0/36       AC:  4    Str:  7    XL:     7   Next: 32%
Magic:  8/8        EV: 20    Int: 13    God:
Gold:   169        SH:  0    Dex: 19    Spells: 6/6 levels left

rFire    . . .     SeeInvis +   b - +0 blowgun
rCold    . . .     Gourm    .   (shield restricted)
rNeg     . . .     Faith    .   v - +0 robe
rPois    .         Spirit   .   (helmet restricted)
rElec    .         Reflect  .   d - +1 cloak
rCorr    .         Harm     .   (gloves unavailable)
MR       +....                  (boots unavailable)
Stlth    +++++.....             (no amulet)
HPRegen  0.12/turn              (no ring)
MPRegen  0.11/turn              (no ring)

@: very quick
A: very small, unfitting armour, see invisible, herbivore, speed 3, slow
metabolism 2
a: no special abilities


You were on level 4 of the Dungeon.
You were very hungry.

You visited 1 branch of the dungeon, and saw 4 of its levels.
You also visited: Sewer.

You collected 169 gold pieces.

Inventory:

Hand Weapons
 a - a +2 dagger
 b - a +0 blowgun (weapon)
 l - a +0 dagger
 o - a +0 trident
Missiles
 e - 10 poisoned needles (quivered)
 f - 2 curare-tipped needles
Armour
 d - a +1 cloak (worn)
 v - a +0 robe (worn)
Jewellery
 t - an uncursed amulet of magic regeneration
Scrolls
 k - a scroll of remove curse
 m - 2 scrolls of identify
 n - 2 scrolls of magic mapping
 r - 2 scrolls of teleportation
 y - 2 scrolls of blinking
Potions
 c - a potion of magic
 h - a potion of degeneration
 i - a potion of lignification
 p - 5 potions of curing
 s - 2 potions of might
Comestibles
 g - 4 rations


   Skills:
 + Level 3.0 Fighting
 * Level 5.3 Short Blades
 - Level 2.0 Throwing
 + Level 4.6 Dodging
 * Level 9.6 Stealth


You had 6 spell levels left.
You didn't know any spells.

Dungeon Overview and Level Annotations

Branches:
Dungeon (4/15)
 Temple: D:4-7

Altars:
Ashenzari


Innate Abilities, Weirdness & Mutations

You are very small and have problems with some larger weapons.
You are too small for most types of armour.
You have supernaturally acute eyesight. (SInv)
You are a herbivore.
You cover ground extremely quickly.
You need to consume almost no food.


Message History

Aim: an orc wizard, wielding a dagger and wearing a robe (almost dead, poisoned, slightly transparent)
You shoot a poisoned needle.
The poisoned needle barely misses the orc wizard.
Firing (i - inventory. (/) - cycle)
e - 12 poisoned needles (quivered)
Press: ? - help, Shift-Dir - straight line, f/p - orc wizard
Aim: an orc wizard, wielding a dagger and wearing a robe (almost dead, poisoned, slightly transparent)
You shoot a poisoned needle.
The poisoned needle hits the orc wizard.
The orc wizard looks even sicker.
The orc wizard is almost dead.
Firing (i - inventory. (/) - cycle)
e - 11 poisoned needles (quivered)
Press: ? - help, Shift-Dir - straight line, f/p - orc wizard
Aim: an orc wizard, wielding a dagger and wearing a robe (almost dead, poisoned, slightly transparent)
You shoot a poisoned needle.
The poisoned needle hits the orc wizard.
The orc wizard looks as sick as possible!
The orc wizard is almost dead.
The orc wizard gestures at you while chanting.
The magic dart hits you!
You die...

......##########).##.....
..<.#######...##(.#######
...)#...........(.....[..
..<.รท..(........)........
....#####'##..##'####....
...........#####(.### ###
...........# #.(...#
...........# #.o...#
...........# #.@...#
...........# #.....#
...........# #.)...#
...........# #.....##
############ #######
#....# #....#
##..############
.#+#..#..#.....#


You could see an orc wizard (invisible).

Vanquished Creatures
  An ogre (D:4)
  2 big kobolds (Sewer)
  A scorpion (D:4)
  3 orc priests
  3 orc wizards
  Jessica (D:2)
  6 adders
  3 oozes
  4 worms
  A dart slug (D:2)
  2 leopard geckos
  8 orcs
  4 giant cockroaches
  11 goblins
  8 hobgoblins
  14 jackals
  3 quokkas
  5 ball pythons
  12 bats
  3 frilled lizards
  11 kobolds
  A leopard gecko skeleton (D:4)
  5 rats
112 creatures vanquished.

Notes
Turn   | Place    | Note
-------+----------+-------------------------------------------
     0 | D:1      | pikmin25 the Spriggan Assassin began the quest for the Orb.
     0 | D:1      | Reached XP level 1. HP: 10/10 MP: 2/2
    14 | D:1      | Reached skill level 6 in Stealth
   298 | D:1      | Reached XP level 2. HP: 14/14 MP: 3/3
  1209 | D:2      | Reached XP level 3. HP: 18/18 MP: 4/4
  1234 | D:2      | Noticed Jessica
  1248 | D:2      | Killed Jessica
  1248 | D:2      | Reached skill level 7 in Stealth
  1460 | D:2      | Reached XP level 4. HP: 17/23 MP: 5/5
  1892 | D:3      | Found a glowing drain.
  1905 | Sewer    | Entered a sewer
  1966 | Sewer    | Noticed a big kobold
  1986 | Sewer    | Killed a big kobold
  1986 | Sewer    | Reached XP level 5. HP: 10/26 MP: 6/6
  2639 | Sewer    | Reached skill level 8 in Stealth
  2933 | Sewer    | Reached XP level 6. HP: 32/32 MP: 7/7
  3704 | D:3      | Found a shattered altar of Ashenzari.
  5058 | D:3      | Reached skill level 9 in Stealth
  5093 | D:4      | Reached skill level 5 in Short Blades
  5093 | D:4      | Reached XP level 7. HP: 35/35 MP: 8/8
  5703 | D:4      | Killed from afar by an orc wizard

Vault maps used:
D:1:      matt_arrival_grand_opening, fountainhead
D:2:      kennysheep_jessica_study
D:3:      ashenzari_conservatory_becter, cheibrodos_sewer_entry_drain
D:4:      first_ration
Sewer:    sewer_co_15_rooms

Skill      XL: |  1  2  3  4  5  6  7 |
---------------+----------------------+-----
Stealth        | 6 7 8 9 |  9.6
Dodging        | 2 3 4 |  4.6
Short Blades   | 3 4 5 |  5.3
Fighting       | 2 3 |  3.0
Throwing       | |  2.0

Action                   |  1- 3 |  4- 6 |  7- 9 || total
-------------------------+-------+-------+-------++-------
Melee: Dagger            |    68 |   307 |   111 ||   486
 Fire: Blowgun           |    12 |    27 |    22 ||    61
  Use: Potion            |       |    13 |     4 ||    17
       Scroll            |       |     8 |     2 ||    10
 Stab: Sleeping          |    11 |    18 |     2 ||    31
  Eat: Ration            |       |     1 |       ||     1
Armor: Robe              |     5 |    31 |    19 ||    55
Dodge: Dodged            |    45 |   196 |   100 ||   341

Table legend:
 A = Spawn XP
 B = Non-spawn XP
 C = Spawn XP percentage of total XP
 D = Spawn monster count
 E = Non-spawn monster count
 F = Spawn count percentage of total count
 G = Total turns spent on level
                    A         B        C        D         E        F      G
               +---------+---------+-------+---------+---------+-------+---------
         Total |       0 |     959 |   0.0 |       0 |     112 |   0.0 |  5703
               +---------+---------+-------+---------+---------+-------+---------
           D:1 |       0 |      39 |   0.0 |       0 |      20 |   0.0 |  1207
           D:2 |       0 |      81 |   0.0 |       0 |      21 |   0.0 |   572
           D:3 |       0 |     210 |   0.0 |       0 |      34 |   0.0 |  1867
           D:4 |       0 |     366 |   0.0 |       0 |      19 |   0.0 |   887
         Sewer |       0 |     263 |   0.0 |       0 |      18 |   0.0 |  1170
               +---------+---------+-------+---------+---------+-------+---------
